 Dungeon Crawl Stone Soup version 0.14-a0-1192-g192f278 (webtiles) character file.

70 4tharraofdagon the Firebug (level 2, 6/21 HPs)
             Began as a Djinni Wanderer on Dec 1, 2013.
             Quit the game on Level 4 of the Dungeon.
             The game lasted 00:02:37 (456 turns).

4tharraofdagon the Firebug (Djinni Wanderer)         Turns: 456, Time: 00:02:37

HP   6/21        AC  6     Str 14      XL: 2   Next: 17%
MP   0/0         EV  8     Int 16      God:
Gold 59          SH  0     Dex 11      Spells:  1 memorised,  2 levels left

rFire  + + +     SeeInvis .     b - +0 spear
rCold  . . .     Clarity  .     a - +0 scale mail
rNeg   + + +     Conserve .     (no shield)
rPois  .         rCorr    .     (no helmet)
rElec  .         rRot     .     (no cloak)
SustAb . .       Spirit   .     (no gloves)
rMut   .         Warding  .     (boots unavailable)
Saprov . . .     Stasis   .     (no amulet)
                                (no ring)
                                d - ring of protection from cold {unknown}

@: confused, brilliant, flying, not resistant to hostile enchantments, extremely
unstealthy
A: fire immunity, cold vulnerability, life protection 3
a: no special abilities


You were on level 4 of the Dungeon.
You were not hungry.

You visited 1 branch of the dungeon, and saw 4 of its levels.

You collected 59 gold pieces.

Inventory:

Hand weapons
 b - a +0,+0 spear (weapon)
Missiles
 j - 7 silver tomahawks (quivered)
Armour
 a - a +0 scale mail (worn)
Scrolls
 c - a scroll of curse weapon {unknown}
 e - a scroll of amnesia {unknown}
 f - a scroll of noise {unknown}
 g - a scroll of identify {unknown}
 h - 2 scrolls of recharging {unknown}
 l - a scroll of curse armour {unknown}
 m - a scroll of fear {unknown}
Jewellery
 d - a ring of protection from cold (left hand) {unknown}
Books
 i - a book of Changes

   Spells                             Type                      Level
   Beastly Appendage                  Transmutation                1
   Sticks to Snakes                   Transmutation                2
   Spider Form                        Transmutation/Poison         3
   Ice Form                           Ice/Transmutation            4
   Blade Hands                        Transmutation                5


   Skills:
 + Level 2.0 Fighting
 * Level 1.1 Polearms
 - Level 1.0 Throwing
 + Level 1.7 Armour
 - Level 1.0 Stealth
 - Level 1.2 Spellcasting
   Level 4.0 Fire Magic
   Level 1.2 Air Magic


You had 2 spell levels left.
You knew the following spells:

 Your Spells              Type           Power        Failure   Level  Hunger
a - Magic Dart            Conj           ##..         26%         1    ##.....


Dungeon Overview and Level Annotations

Branches:
Dungeon (4/16)
 Temple: D:4-7

Altars:


Innate Abilities, Weirdness & Mutations

You are immune to all types of fire, even holy and hellish.
You are vulnerable to cold.
You need no food.
You have no legs.
You are immune to negative energy.


Message History

The worker ant bites you but does no damage.
Unknown command.
The worker ant bites you.
There is an open door here.
Unknown command.
Unknown command.
Drink which item? (? for menu, Esc to quit)
Okay, then.
Drink which item? (? for menu, Esc to quit)
You are confused.
It was a potion of confusion.
The worker ant bites you. The worker ant bites you.
Unknown command.
Drink which item? (? for menu, Esc to quit)
You feel more clever all of a sudden.
It was a potion of brilliance.
The worker ant bites you.
* * * LOW HITPOINT WARNING * * *
Unknown command.
You aren't carrying any potions.
Are you sure you want to abandon this character and quit the game? (Confirm with "yes".)

#... #........# +...
###........# ....
#%........## #
..#########.........#
#?.##..................#
#......................#
#...###l####....##+#...#
## #8..a#..8#...# ....#
#..[#@%..#...# ##+
#....#...#...#
+.#.#(#.##...#
##.#.#.#.'...#
#...#....#...#
#....#...#...#
#8..#...8#.###
..####+###..# #?. ..#


You could see an iguana and a worker ant.

Vanquished Creatures
  3 hobgoblins
  3 jackals
  A kobold (D:1)
  2 bats (D:4)
  A gnoll skeleton (D:4)
10 creatures vanquished.

Notes
Turn   | Place    | Note
--------------------------------------------------------------
     0 | D:1      | 4tharraofdagon, the Djinni Wanderer, began the quest for the Orb.
     0 | D:1      | Reached XP level 1. HP: 14/14 MP: 0/0
    14 | D:1      | Ladykiller69: what skills did he get?
    22 | D:1      | Ladykiller69: uh
    23 | D:1      | Ladykiller69: wut :D
    27 | D:1      | timbw: i really thin
    27 | D:1      | timbw: oka is good
    27 | D:1      | timbw: for dj
    42 | D:1      | timbw: then going mak after elf
    43 | D:1      | 4tharraofdagon: ye
    43 | D:1      | 4tharraofdagon: sounds good
   138 | D:2      | Reached skill level 1 in Polearms
   187 | D:2      | Ladykiller69: if you wnat to play Na
   199 | D:3      | Ladykiller69: consider Gl
   282 | D:3      | Noticed an orc wizard
   283 | D:3      | Ladykiller69: maybe even As
   311 | D:4      | Reached XP level 2. EP: 19/21
   449 | D:4      | Noticed an iguana
   449 | D:4      | Noticed a worker ant
   449 | D:4      | Noticed an ogre
   456 | D:4      | Quit the game

Action                   || total
-------------------------++-------
Melee: Spear             ||    48
  Use: Potion            ||     4
